Map: [ESL] Inside and Out

Players

Bly

  • Race: Zerg Zerg
  • Spawn Location: 7:00

Serral - Winner!

  • Race: Zerg Zerg
  • Spawn Location: 1:00

Event: DreamHack SC2 Masters 2022 Atlanta (Online)

VOD

Have the link to the VOD?

Description

Time

  • Played on: Oct. 1, 2022, 1:47 p.m.
  • Length: 10:25

All games in this series

Show
View Real Time Build Order
Export as new Build Order

Bly Zerg 

Build Orders: Hatch First, Roach Nydus 

Get SALT Encoding   

  12  0:00  Drone  
  13  0:13  Overlord  
  13  0:18  Drone  
  14  0:31  Drone x2  
  16  0:47  Hatchery  
  15  0:51  Drone  
  15  0:54  Drone  
  17  0:57  Drone  
  18  1:08  Extractor  
  17  1:12  Spawning Pool  
  17  1:15  Drone  
  17  1:18  Drone  
  18  1:29  Drone  
  19  1:40  Drone  
  20  1:54  Overlord  
  20  2:00  Queen x2  
  24  2:05  Zergling x2  
  24  2:06  Drone  
  26  2:11  Drone  
  26  2:12  Drone  
  28  2:31  Spore Crawler  
  28  2:32  Drone x3  
  30  2:40  Queen, Overlord  
  30  2:43  Lair  
  33  2:52  Drone  
  33  2:53  Drone x2  
  36  2:58  Extractor  
  36  3:01  Evolution Chamber  
  36  3:05  Roach Warren  
  33  3:06  Drone x2  
  33  3:07  Drone  
  33  3:11  Drone x2  
  37  3:14  Drone  
  37  3:16  Drone  
  39  3:28  Zerg Missile Weapons Level 1  
  39  3:31  Drone x4  
  39  3:32  Extractor  
  42  3:39  Overlord  
  42  3:43  Overlord  
  42  3:44  Drone  
  42  3:48  Glial Reconstitution  
  43  3:51  Drone  
  44  3:57  Drone x3, Extractor  
  44  3:59  Drone x3  
  49  4:13  Overseer  
  49  4:21  Nydus Network  
  48  4:24  Drone x3  
  48  4:27  Drone, Overlord  
  48  4:29  Hatchery  
  52  4:53  Nydus Network  
  52  4:55  Roach x8  
  67  5:00  Overlord  
  67  5:09  Overlord  
  67  5:10  Overlord  
  67  5:14  Overlord  
  67  5:16  Overseer  
  67  5:25  Roach  
  67  5:26  Roach x3  
  75  5:32  Zerg Missile Weapons Level 2  
  79  5:35  Roach x2  
  79  5:36  Spire, Roach x4  
  86  5:50  Roach x3  
  86  5:55  Roach x4  
  100  6:00  Roach  
  102  6:14  Overlord x4  
  102  6:26  Overlord x2  
  102  6:48  Mutalisk x4  
  102  6:50  Drone x4  
  102  6:51  Overlord  
  114  7:02  Roach x6  
  114  7:08  Zerg Flyer Weapons Level 1  
  126  7:10  Overlord  
  126  7:19  Overseer  
  126  7:21  Roach x3  
  132  7:26  Roach x6  
  132  7:29  Overlord  
  144  7:35  Roach x3  
  144  7:36  Roach  
  152  7:43  Overlord  
  152  7:58  Overlord  
  152  7:59  Ravager x5  
  152  8:01  Drone x4  
  152  8:02  Extractor x2  
  159  8:17  Roach  
  159  8:18  Roach x4  
  140  8:35  Roach x10  
  140  8:40  Nydus Canal  
  142  8:52  Roach x5  
  134  9:03  Roach x5  
  132  9:15  Nydus Canal  
  132  9:17  Drone x3  
  135  9:33  Overlord x8  
  135  9:34  Overlord  
  135  9:53  Roach x6  
  135  9:54  Roach x4  
  156  10:00  Ravager x5  
Show
View Real Time Build Order
Export as new Build Order

Serral Zerg - Winner!

Build Orders: Pool First, Roach Hydra 

Get SALT Encoding   

  12  0:00  Drone  
  13  0:11  Overlord  
  13  0:16  Drone  
  14  0:30  Drone x2  
  14  0:33  Drone  
  17  0:43  Spawning Pool  
  17  0:47  Drone  
  17  1:06  Hatchery  
  17  1:09  Drone  
  17  1:13  Extractor  
  17  1:14  Drone  
  17  1:29  Queen, Drone  
  17  1:31  Zergling x2  
  21  1:38  Drone  
  22  1:48  Overlord  
  22  2:06  Queen  
  22  2:07  Drone  
  25  2:10  Drone  
  26  2:18  Queen, Drone  
  26  2:21  Drone  
  30  2:30  Drone  
  30  2:32  Drone  
  32  2:38  Overlord  
  32  2:39  Drone x2  
  32  2:40  Drone  
  35  2:50  Drone  
  36  2:54  Lair  
  36  2:58  Overlord  
  36  2:59  Drone  
  36  3:03  Drone  
  38  3:07  Drone  
  38  3:12  Evolution Chamber  
  38  3:14  Drone x6  
  44  3:20  Roach Warren  
  44  3:21  Drone  
  44  3:22  Drone  
  44  3:25  Drone  
  46  3:30  Extractor  
  46  3:31  Drone  
  46  3:32  Extractor  
  45  3:34  Extractor  
  45  3:38  Zerg Missile Weapons Level 1  
  45  3:41  Drone x2  
  45  3:45  Drone x3  
  45  3:46  Overlord  
  45  3:47  Drone  
  50  3:49  Drone  
  50  3:50  Drone  
  50  3:55  Overseer  
  52  3:59  Glial Reconstitution  
  52  4:01  Overlord  
  52  4:12  Hatchery  
  52  4:14  Roach x2  
  55  4:20  Roach  
  55  4:21  Roach x2  
  61  4:29  Overlord x2  
  61  4:36  Roach x2  
  65  4:39  Roach  
  65  4:43  Overlord  
  67  4:47  Overlord  
  67  4:50  Roach x2  
  67  4:51  Roach  
  73  4:58  Overlord  
  73  5:01  Roach x4  
  80  5:10  Drone  
  81  5:16  Evolution Chamber  
  81  5:19  Drone x4  
  84  5:23  Overlord  
  84  5:25  Roach x3  
  84  5:27  Roach x2  
  94  5:32  Zerg Missile Weapons Level 2  
  94  5:41  Roach x4  
  102  5:44  Overseer  
  102  5:45  Overlord  
  102  5:51  Zerg Ground Armor Level 1  
  102  5:52  Overseer  
  102  6:01  Drone x3  
  105  6:05  Drone x5  
  105  6:10  Overlord  
  110  6:14  Overlord  
  110  6:20  Drone  
  110  6:21  Drone x2  
  110  6:22  Hydralisk Den  
  110  6:24  Overlord  
  110  6:25  Roach x3  
  118  6:28  Overlord  
  118  6:32  Roach x2  
  122  6:36  Overlord  
  122  6:39  Pneumatized Carapace  
  122  6:42  Roach x3  
  122  6:45  Drone  
  122  6:46  Drone  
  130  6:51  Overlord  
  130  6:53  Grooved Spines  
  130  6:54  Hydralisk x2  
  130  6:55  Hydralisk  
  130  6:59  Hydralisk x2  
  140  7:04  Hydralisk x2  
  144  7:10  Hydralisk x3  
  150  7:16  Spore Crawler x2, Overlord  
  150  7:20  Spore Crawler  
  147  7:24  Overlord  
  147  7:25  Hydralisk x2  
  147  7:29  Overlord  
  151  7:36  Hydralisk  
  151  7:37  Hydralisk x2  
  151  7:38  Overseer  
  151  7:43  Roach x4  
  165  7:48  Roach x3  
  171  8:01  Roach x3  
  171  8:05  Muscular Augments  
  177  8:10  Hydralisk x2  
  181  8:25  Roach x4  
  181  8:29  Roach  
  181  8:30  Roach x3  
  183  8:35  Overlord x2  
  183  8:36  Extractor  
  183  8:41  Roach x2  
  186  8:47  Roach x5  
  182  8:53  Roach x3  
  172  9:00  Roach x3  
  172  9:01  Roach  
  174  9:03  Roach  
  162  9:12  Hydralisk  
  162  9:13  Hydralisk  
  162  9:17  Drone x3, Extractor  
  169  9:18  Roach  
  169  9:19  Roach x2  
  174  9:24  Roach x2  
  174  9:25  Roach  
  174  9:30  Roach x3  
  186  9:37  Roach x4  
  194  9:48  Roach x3  
  200  9:56  Overlord  
  200  9:57  Hatchery  
  200  9:59  Overlord  
Tags
 
Add a new tag
Caveats
  • Supply blocks, unpowered buildings, or Contaminate may cause inaccurate times.
  • Supply counts are checked every 10 seconds.